 Dungeon Crawl Stone Soup version 0.25-a0-474-ga8a2ee3166 (webtiles) character file.

Game seed: 11136434814430246847, levelgen mode: deterministic

85 LennartNight the Poker (level 4, 0/34 HPs)
             Began as a Merfolk Skald on Feb 7, 2020.
             Was an Initiate of Yredelemnul.
             Succumbed to an adder's poison
             ... on level 3 of the Dungeon.
             The game lasted 00:30:34 (2835 turns).

LennartNight the Poker (Merfolk Skald)              Turns: 2835, Time: 00:30:35

Health: 0/34       AC:  3    Str: 11    XL:     4   Next: 48%
Magic:  5/7        EV: 18    Int: 12    God:    Yredelemnul [......]
Gold:   38         SH:  0    Dex: 19    Spells: 6/7 levels left

rFire    . . .     SeeInvis .   a - +0 spear
rCold    . . .     Gourm    .   (no shield)
rNeg     . . .     Faith    .   b - +0 leather armour
rPois    .         Spirit   .   (no helmet)
rElec    .         Reflect  .   (no cloak)
rCorr    .         Harm     .   (no gloves)
MR       .....                  (no boots)
Stlth    ++........             (no amulet)
HPRegen  0.11/turn              c - ring of flight
MPRegen  0.10/turn              (no ring)

@: agile, lethally poisoned (0 -> -4), flying
A: change form in water, swift swim, stealthy swim
a: Renounce Religion


You were on level 3 of the Dungeon.
You worshipped Yredelemnul.
Yredelemnul was noncommittal.
You were full.

You visited 1 branch of the dungeon, and saw 3 of its levels.

You collected 38 gold pieces.

Inventory:

Hand Weapons
 a - a +0 spear (weapon)
 h - a +2 short sword of draining
 k - a +0 hunting sling (quivered)
Missiles
 d - 27 stones
Armour
 b - a +0 leather armour (worn)
Jewellery
 c - a ring of flight (left hand)
Scrolls
 e - a scroll of noise {unknown}
 f - a scroll of teleportation
 g - 3 scrolls of identify


   Skills:
 - Level 2.5 Fighting
 * Level 5.9 Polearms
 - Level 0.6 Armour
 - Level 2.6 Dodging
 - Level 2.3 Spellcasting
 - Level 3.5 Charms


You had 6 spell levels left.
You knew the following spells:

 Your Spells              Type           Power        Failure   Level  Hunger
a - Infusion              Chrm           #...         9%          1    ##.....

Your spell library contained the following spells:

 Spells                   Type           Power        Failure   Level  Hunger
 Song of Slaying          Chrm           #.......     12%         2    ###....
 Shroud of Golubria       Chrm/Tloc      #.....       26%         2    ###....
 Ozocubu's Armour         Chrm/Ice       #.......     45%         3    ####...
 Spectral Weapon          Hex/Chrm       #.......     45%         3    ####...


Dungeon Overview and Level Annotations

Branches:
Dungeon (3/15)

Altars:
Yredelemnul


Message History

You feel sick.
Found a ration, a scroll of teleportation and 8 gold pieces.
* * * LOW HITPOINT WARNING * * *
You feel sick.
A hobgoblin comes into view. It is wielding a +0 club.
* * * LOW HITPOINT WARNING * * *
You feel sick.
* * * LOW HITPOINT WARNING * * *
You feel sick.
You are no longer magically infusing your attacks.
You see here a ration.
i - a ration
* * * LOW HITPOINT WARNING * * *
You feel sick.
You eat the ration.
That ration really hit the spot!
* * * LOW HITPOINT WARNING * * *
You feel sick.
The hobgoblin shouts!
You die...
Your body rises from the dead as a mindless zombie.

#....................
#........$...........
#....................
#.........%..........
#....................
##....................
##..............
#...............
#.....?..@.......
##......$........
##..g...........
..#.######.....# .....
#...## ...## #+## .#


You could see a hobgoblin.

Vanquished Creatures
  2 adders
  An ooze (D:1)
  5 dart slugs
  A leopard gecko (D:1)
  A ball python (D:3)
  4 giant cockroaches
  5 goblins
  6 hobgoblins
  3 jackals (D:2)
  6 kobolds
  A quokka (D:2)
  8 bats
  A frilled lizard (D:1)
  4 rats
48 creatures vanquished.

Notes
Turn   | Place    | Note
-------+----------+-------------------------------------------
     0 | D:1      | LennartNight the Merfolk Skald began the quest for the Orb.
     0 | D:1      | Reached XP level 1. HP: 16/16 MP: 3/3
   181 | D:1      | Reached XP level 2. HP: 23/23 MP: 5/5
   808 | D:1      | Reached XP level 3. HP: 23/28 MP: 6/6
   841 | D:1      | Reached skill level 4 in Polearms
  1703 | D:2      | Reached skill level 5 in Polearms
  2002 | D:2      | Reached XP level 4. HP: 34/34 MP: 7/7
  2410 | D:2      | Found a basalt altar of Yredelemnul.
  2604 | D:2      | Became a worshipper of Yredelemnul the Dark
  2833 | D:3      | HP: 1/34 [poisoned by an adder]
  2835 | D:3      | Succumbed to an adder's poison

Levels and vault maps discovered:
D:1:      dpeg_chamrin_arrival_tetris, layout_basic, minmay_misc_feat_rugged
D:2:      layout_basic, marbit_many_paths, first_ration, grunt_ministairs_15,
          kennysheep_generic_room_12
D:3:      layout_loops_corners, wad_floor_pattern_2, chequers_avenue,
          lightli_corner_chamber

Skill      XL: |  1  2  3 |
---------------+----------+-----
Polearms       | 5 |  5.9
Fighting       | |  2.5
Armour         | |  0.6
Dodging        | |  2.6
Spellcasting   | |  2.3
Charms         | |  3.5

Action                   |  1- 3 |  4- 6 || total
-------------------------+-------+-------++-------
Melee: Spear             |   186 |    50 ||   236
 Cast: Infusion          |       |     1 ||     1
  Use: Scroll            |     1 |     1 ||     2
       Potion            |       |     2 ||     2
 Stab: Sleeping          |     3 |     1 ||     4
  Eat: Ration            |     1 |     2 ||     3
       Chunk             |       |     1 ||     1
Armor: Leather armour    |    38 |     5 ||    43
Dodge: Dodged            |    96 |    21 ||   117

Table legend:
 A = Non-vault XP
 B = Vault XP
 C = Vault XP percentage of total XP
 D = Non-vault monster count
 E = Vault monster count
 F = Vault count percentage of total count
                 A         B        C        D         E       F
            +---------+---------+-------+---------+---------+-------
      Total |     116 |       6 |   4.9 |      44 |       4 |   8.3
            +---------+---------+-------+---------+---------+-------
        D:1 |      44 |       0 |   0.0 |      18 |       0 |   0.0
        D:2 |      51 |       6 |  10.5 |      20 |       4 |  16.7
        D:3 |      21 |       0 |   0.0 |       6 |       0 |   0.0
            +---------+---------+-------+---------+---------+-------
